 Dungeon Crawl Stone Soup version 0.29.1-1-gd02db6906a (webtiles) character file.

Game seed: 7009513102355916280

670 Descartes the Shield-Bearer (level 7, -2/82 HPs)
             Began as a Formicid Fighter on Oct 10, 2022.
             Slain by a killer bee (5 damage)
             ... on level 4 of the Dungeon.
             The game lasted 00:06:37 (3420 turns).

Descartes the Shield-Bearer (Formicid Fighter)      Turns: 3420, Time: 00:06:37

Health: -2/82      AC: 23    Str: 23    XL:     7   Next: 89%
Magic:  7/7        EV:  2    Int:  7    God:
Gold:   127        SH:  6    Dex: 19    Spells: 6/6 levels left

rFire   . . .      SeeInvis .   p - +1 hand axe (freeze)
rCold   . . .      Faith    .   c - +0 buckler
rNeg    . . .      Spirit   .   (body armour currently unavailable)
rPois   +          Reflect  .   (helmet unavailable)
rElec   .          Harm     .   (cloak currently unavailable)
rCorr   .          Rampage  .   (gloves currently unavailable)
Will    .....                   (boots currently unavailable)
Stlth   ++........              (no amulet)
HPRegen 0.23/turn               k - +6 ring of dexterity
MPRegen 0.10/turn               (no ring)

@: lethally poisoned (-2 -> -3), tree-form, invisible
A: stationary, stasis, torment immunity, boosted hp, permanent stasis, dig
shafts and tunnels, (antennae 3), four strong arms
a: no special abilities


You were on level 4 of the Dungeon.
You were a tree.
You visited 2 branches of the dungeon, and saw 5 of its levels.

You collected 127 gold pieces.

Inventory:

Hand Weapons
 a - a +0 war axe
 j - a +1 whip of draining
 p - a +1 hand axe of freezing (weapon)
Missiles
 g - 66 stones
 r - 2 boomerangs
 t - 5 curare-tipped darts
Armour
 c - a +0 buckler (worn)
 e - a +0 pair of gloves (melded)
 q - a +1 chain mail of cold resistance (melded)
Jewellery
 k - a +6 ring of dexterity (left branch)
Wands
 d - a wand of roots (15)
Scrolls
 b - a scroll of enchant armour {unknown}
 f - 5 scrolls of identify {unknown}
 h - 2 scrolls of immolation {unknown}
 i - a scroll of vulnerability {unknown}
 l - a scroll of teleportation {unknown}
 m - a scroll of acquirement {unknown}
 n - a scroll of amnesia {unknown}
 o - a scroll of magic mapping {unknown}
 s - 2 scrolls of blinking {unknown}
Potions
 v - a potion of lignification


   Skills:
 + Level 4.4 Fighting
 + Level 3.2(4.1) Axes
 + Level 2.6(3.4) Maces & Flails
 + Level 2.4(3.3) Polearms
 + Level 4.5 Armour
 + Level 5.5 Shields
 + Level 2.2 Translocations
 + Level 2.8 Evocations


You had 6 spell levels left.
You didn't know any spells.
Your spell library contained the following spells:

 Spells                   Type           Power      Damage    Failure   Level
 Sting                    Tmut/Pois      0%         1d3       50%         1
 Poisonous Vapours        Pois/Air       0%         N/A       63%         2
 Sublimation of Blood     Necr           0%         N/A       63%         2
 Ignite Poison            Fire/Tmut/Pois 0%         N/A       86%         3
 Inner Flame              Hex/Fire       0%         N/A       86%         3
 Mephitic Cloud           Conj/Pois/Air  0%         N/A       86%         3
 Spider Form              Tmut/Pois      0%         N/A       86%         3
 Cause Fear               Hex            0%         N/A       99%         4
 Petrify                  Tmut/Erth      0%         N/A       99%         4
 Blade Hands              Tmut           0%         N/A       100%        5
 Freezing Cloud           Conj/Ice/Air   0%         6-21      100%        5
 Irradiate                Conj/Tmut      0%         3d11      100%        5
 Summon Forest            Summ/Tloc      0%         N/A       100%        5
 Eringya's Noxious Bog    Tmut/Pois      0%         N/A       100%        6
 Dragon Form              Tmut           0%         N/A       100%        7
 Summon Hydra             Summ           0%         N/A       100%        7
 Discord                  Hex            0%         N/A       100%        8


Dungeon Overview and Level Annotations

Branches:
Dungeon (4/15)             Temple (1/1) D:4

Altars:
Cheibriados
Dithmenos
Elyvilon
Fedhas
Hepliaklqana
Nemelex Xobeh
Qazlal
Ru
Sif Muna
Uskayaw
Vehumet
Wu Jian
Yredelemnul
The Shining One


Innate Abilities, Weirdness & Mutations

You are a tree.
Your roots penetrate the ground, keeping you stationary.
You cannot be teleported.
You are immune to unholy pain and torment.
Your maximum health is greatly increased.
Your equipment is partially melded.
You cannot be hasted, slowed, berserked, paralysed or teleported.
You can dig through walls and to a lower floor.
((You have a pair of large antennae on your head. (SInv)))
Your four strong arms can wield two-handed weapons with a shield.


Message History

You are more poisoned.
The killer bee poisons you! The killer bee stings you.
* * * LOW HITPOINT WARNING * * *
It was a potion of lignification.
You turn into a tree.
Your +0 pair of gloves melds into your body.
Your +1 chain mail of cold resistance melds into your body.
You feel less resistant to cold.
Your roots penetrate the ground.
You feel very sick.
The killer bee stings you but does no damage. x2
You hit the killer bee. You freeze the killer bee.
The killer bee is almost dead.
You feel sick. The killer bee stings you.
* * * LOW HITPOINT WARNING * * *
You block the killer bee's attack.
You closely miss the killer bee.
The killer bee is almost dead.
You feel sick.
The killer bee stings you but does no damage.
The killer bee barely misses you.
You strike the helpless killer bee from behind!
You hit the killer bee. You freeze the killer bee.
You kill the killer bee!
You feel sick.
You miss the killer bee.
The killer bee is lightly wounded.
You feel sick.
The killer bee stings you but does no damage. x2
The killer bee stings you.
* * * LOW HITPOINT WARNING * * *
You strike the helpless killer bee from behind!
You hit the killer bee. You freeze the killer bee.
The killer bee is heavily wounded.
You feel sick.
The killer bee stings you but does no damage.
You block the killer bee's attack.
You catch the helpless killer bee completely off-guard!
You hit the killer bee. You freeze the killer bee.
The killer bee is almost dead.
You feel sick. You block the killer bee's attack. The killer bee stings you.
You die...

##### ...
#........##
#
{###.######
# # #####
#.# # . #.
#...###.# #
..#.#+#
##.......#
# .....
#.....####
# .y.
#.#.#.# #
#y###.#.#.#
#yy♣....#.#
#####.###.#
#.....# .
####### ##


You could see 4 killer bees.

Vanquished Creatures
  Grinder (D:3)
  Sigmund (D:3)
  An ogre (D:4)
  A killer bee (D:4)
  A jelly (D:4)
  Terence (D:3)
  An iguana (D:4)
  Natasha (twice) (D:3)
  An adder (D:3)
  An ufetubus (D:4)
  3 dart slugs
  An orc (D:3)
  2 endoplasms
  5 giant cockroaches
  8 goblins
  6 hobgoblins
  3 quokkas
  A ball python (D:4)
  3 bats
  2 frilled lizards (D:1)
  6 kobolds
  4 rats
  A spectral hobgoblin (D:1)
56 creatures vanquished.

Notes
Turn   | Place    | Note
-------+----------+-------------------------------------------
     0 | D:1      | Descartes the Formicid Fighter began the quest for the Orb.
     0 | D:1      | Reached XP level 1. HP: 18/18 MP: 1/1
   135 | D:1      | Reached XP level 2. HP: 21/24 MP: 2/2
   343 | D:1      | Found a faded altar of an unknown god.
   529 | D:1      | Reached XP level 3. HP: 29/29 MP: 3/3
   784 | D:2      | Found a shadowy altar of Dithmenos.
  1709 | D:3      | Noticed Sigmund
  1715 | D:3      | Killed Sigmund
  1716 | D:3      | Reached skill level 1 in Maces & Flails
  1716 | D:3      | Reached skill level 1 in Polearms
  1716 | D:3      | Reached skill level 1 in Translocations
  1716 | D:3      | Reached skill level 1 in Evocations
  1716 | D:3      | Reached XP level 4. HP: 25/37 MP: 4/4
  1716 | D:3      | Reached XP level 5. HP: 29/42 MP: 5/5
  1716 | D:3      | Reached XP level 6. HP: 33/48 MP: 6/6
  1812 | D:3      | Noticed Natasha
  1821 | D:3      | Killed Natasha
  1821 | D:3      | Noticed Terence
  1831 | D:3      | Killed Terence
  2076 | D:3      | Found a snail-covered altar of Cheibriados.
  2107 | D:3      | Found a blossoming altar of Fedhas.
  2228 | D:3      | Noticed Grinder
  2270 | D:3      | Killed Grinder
  2271 | D:3      | Reached skill level 5 in Shields
  2271 | D:3      | Reached XP level 7. HP: 27/54 MP: 7/7
  2593 | D:3      | Noticed Natasha
  2605 | D:3      | Killed Natasha
  2843 | D:4      | Found a staircase to the Ecumenical Temple.
  3081 | Temple   | Entered the Ecumenical Temple
  3379 | D:4      | Got the Octavo of Pollution
  3418 | D:4      | HP: 4/82 [killer bee (6)]
  3420 | D:4      | Slain by a killer bee

Illustrated notes

Levels and vault maps discovered:
D:1:      nzn_arrival_water_spiral, layout_rooms,
          dreamdust_ecumenical_altar_drowned_temple, dk_noncrumbling_4,
          minmay_pentomino_p2
D:2:      layout_loops_corners, basic_altar, roderic_roman_lattice
D:3:      layout_rooms, mainiacjoe_overflow_swirl, kennysheep_cross_room,
          uniq_sigmund, uniq_natasha, uniq_grinder, uniq_terence
D:4:      layout_loops_cross, mainiacjoe_overflow_surrounded_room,
          minmay_temple_entry_stoned_glass
Temple:   hellmonk_temple_two_chambers

Skill      XL: |  1  2  3  4  5  6  7 |
---------------+----------------------+-----
Maces & Flails | 1 2 |  2.6
Polearms       | 1 2 |  2.4
Translocations | 1 2 |  2.2
Evocations     | 1 2 |  2.8
Armour         | 4 |  4.5
Fighting       | 4 |  4.4
Axes           | 3 |  3.2
Shields        | 5 |  5.5

Action                   |  1- 3 |  4- 6 |  7- 9 || total
-------------------------+-------+-------+-------++-------
Melee: War axe           |    77 |       |       ||    77
       Hand axe          |     5 |    52 |    46 ||   103
  Use: Potion            |       |     2 |     2 ||     4
 Stab: Invisible         |       |       |     3 ||     3
Armor: Scale mail        |    44 |     6 |       ||    50
       Chain mail        |       |    14 |    19 ||    33
       Skin              |       |       |     6 ||     6
Dodge: Dodged            |    29 |     6 |    15 ||    50
Block: Buckler           |    25 |    16 |    17 ||    58
